 Dungeon Crawl Stone Soup version 0.32-a0-886-g41c5271027 (webtiles) character file.

Game seed: 9016611769493084727

94355 GreedOfGod the Nimble (level 15, -6/175 HPs)
             Began as a Demonspawn Gladiator on Apr 2, 2024.
             Was a High Priest of Okawaru.
             Mangled by a stone giant (23 damage)
             ... on level 1 of the Orcish Mines.
             The game lasted 01:47:14 (25493 turns).

GreedOfGod the Nimble (Demonspawn Gladiator)       Turns: 25493, Time: 01:47:14

Health: -6/175     AC: 24    Str: 14    XL:     15   Next: 63%
Magic:  0/24       EV: 33    Int:  9    God:    Okawaru [*****.]
Gold:   1836       SH:  7    Dex: 28    Spells: 14/14 levels left

rFire   + . .        g - +2 double sword (protect)
rCold   + . .        M - +2 buckler
rNeg    . . .        b - +1 steam dragon scales
rPois   .            F - +2 helmet
rElec   .            O - scarf {rC+ rF+}
rCorr   .            N - +1 pair of gloves
SInv    .            k - +1 pair of boots
Will    +....        u - amulet of guardian spirit Stlth
                     s - +6 ring of dexterity
HPRegen 0.49/turn    Q - +5 ring of evasion
MPRegen 0.19/turn

%: guardian spirit
@: berserking, under a protective aura, silenced, very quick
A: hooves 2, repulsion field 2, (demonic guardian 2), demonic magic 1,
MP-powered wands
a: Renounce Religion


You were on level 1 of the Orcish Mines.
You worshipped Okawaru.
Okawaru was extremely pleased with you.
You visited 4 branches of the dungeon, and saw 22 of its levels.
You also visited: Sewer.

You collected 2053 gold pieces.
You spent 217 gold pieces at shops.

Inventory:

Hand Weapons
 g - a +2 double sword of protection (weapon)
 m - a +4 scimitar of flaming
Missiles
 d - 6 throwing nets
 q - 2 javelins
 D - 4 silver javelins
 R - 3 atropa-tipped darts
Armour
 b - +1 steam dragon scales (worn)
 k - a +1 pair of boots (worn)
 F - a +2 helmet (worn)
 M - a +2 buckler (worn)
 N - a +1 pair of gloves (worn)
 O - a scarf of resistance (worn)
Jewellery
 s - a +6 ring of dexterity (left hand)
 u - an amulet of guardian spirit (around neck)
 E - a +5 ring of evasion
 G - a ring of protection from fire
 K - a ring of wizardry
 L - a ring of resist corrosion
 Q - a +5 ring of evasion (right hand)
 U - a ring of see invisible
Wands
 r - a wand of mindburst (1)
 v - a wand of paralysis (29)
 x - a wand of digging (4)
 y - a wand of acid (5)
 A - a wand of iceblast (14)
 B - a wand of flame (29) (quivered)
Scrolls
 a - 2 scrolls of butterflies
 f - a scroll of teleportation
 h - 3 scrolls of enchant weapon
 j - 3 scrolls of amnesia
 l - a scroll of fog
 o - 3 scrolls of vulnerability
 p - 5 scrolls of identify
 C - 4 scrolls of revelation
 H - 6 scrolls of poison
 S - 3 scrolls of torment
 T - a scroll of fear
Potions
 c - 2 potions of berserk rage
 e - 2 potions of brilliance
 i - 2 potions of haste
 n - 2 potions of curing
 t - 4 potions of cancellation
 w - 2 potions of degeneration
 z - a potion of attraction
 I - 3 potions of enlightenment
 J - a potion of resistance
 P - 2 potions of lignification


   Skills:
 + Level 10.6 Fighting
 + Level 10.1 Long Blades
 - Level 1.7 Throwing
 * Level 13.2 Armour
 * Level 13.5 Dodging
 + Level 13.0 Invocations
 + Level 10.1 Evocations


You had 14 spell levels left.
You didn't know any spells.
Your spell library contained the following spells:

 Spells                   Type           Power      Damage    Failure   Level
 Apportation              Tloc           0%         N/A       50%         1
 Kiss of Death            Conj/Necr      0%         2d5       50%         1
 Jinxbite                 Hex            0%         N/A       63%         2
 Sublimation of Blood     Necr           0%         N/A       63%         2
 Confusing Touch          Hex            0%         N/A       86%         3
 Maxwell's Portable Pile  Tloc           0%         2d(5-13)  86%         3
 Cause Fear               Hex            0%         N/A       99%         4
 Dispel Undead            Necr           0%         3d6       99%         4
 Passage of Golubria      Tloc           0%         N/A       99%         4
 Petrify                  Alch/Erth      0%         N/A       99%         4
 Alistair's Intoxication  Alch           0%         N/A       100%        5
 Arcjolt                  Conj/Air       0%         1d10      100%        5
 Borgnjor's Vile Clutch   Necr/Erth      0%         N/A       100%        5
 Fireball                 Conj/Fire      0%         3d3       100%        5
 Irradiate                Conj/Alch      0%         3d11      100%        5
 Iskenderun's Battlesphe  Conj           0%         2d6       100%        5
 Silence                  Hex/Air        0%         N/A       100%        5
 Bombard                  Conj/Erth      0%         9d1       100%        6
 Eringya's Noxious Bog    Alch           0%         4d6       100%        6
 Lehudib's Crystal Spear  Conj/Erth      0%         10d2      100%        8
 Maxwell's Capacitive Co  Air            0%         ∞         100%        8
 Spellforged Servitor     Conj/Summ      Unusable   N/A       N/A         7
 Dragon's Call            Summ           Unusable   N/A       N/A         9

Dungeon Overview and Level Annotations

Branches:
Dungeon (15/15)            Temple (1/1) D:7            Lair (5/5) D:11
 Shoals (0/4) Lair:3       Spider (0/4) Lair:2        Slime (0/5) Lair:5
    Orc (1/2) D:11         Vaults (0/5) D:14         Depths (0/4) D:15
  Sewer (visited)

Altars:
Ashenzari
Cheibriados
Dithmenos
Fedhas
Gozag
Hepliaklqana
Kikubaaqudgha
Makhleb
Nemelex Xobeh
Okawaru
Qazlal
Ru
Sif Muna
Trog
Uskayaw
Vehumet
Wu Jian
Xom
Yredelemnul
Lugonu

Shops:
D:14 [

Portals:
Abyss: D:4 Lair:5
Trove: D:11 (give +4 demon whip)

Annotations:
D:4 2 transporters, P0WERM0DE's ghost, amateur CoCK
D:13 3 runed translucent doors, glosham's ghost, journeyman CoGl
D:14 Roxanne
Orc:1 1 transporter, 1 runed translucent door


Innate Abilities, Weirdness & Mutations

You have hoof-like feet.
You are surrounded by a moderate repulsion field. (EV +3)
((A demonic guardian rushes to your aid.))
Spells you cast may paralyse adjacent enemies.
You expend magic power (3 MP) to strengthen your wands.


Message History

Things that are here:
a +1 great sword; a +0 plate armour
Okay, then.
Magic scrolls do not work when you're silenced!
You feel better. The deep troll misses you. You block the deep troll's attack.
The deep troll misses you. You block the stone giant's attack.
The moth of wrath angrily waves its antennae.
The deep troll completely misses you. x2; The deep troll claws you.
* * * LOW HITPOINT WARNING * * *
You slice the stone giant!!
The stone giant is moderately wounded.
You block the stone giant's attack.
The deep troll bites you but does no damage.
You block the deep troll's attack. The deep troll barely misses you.
The stone giant completely misses you.
You slice the stone giant!!
The stone giant is heavily wounded.
The deep troll bites you but does no damage.
The deep troll claws you.
* * * LOW HITPOINT WARNING * * *
The deep troll barely misses you. The stone giant completely misses you.
You hit the stone giant.
The stone giant is heavily wounded.
You feel like a meek peon again. The deep troll completely misses you.
The deep troll claws you!!
* * * LOW HITPOINT WARNING * * *
The deep troll closely misses you. The stone giant completely misses you.
Okay, then.
A red film seems to cover your vision as you go berserk!
You feel yourself moving faster!
You feel mighty! The deep troll misses you. The deep troll claws you!
* * * LOW HITPOINT WARNING * * *
The deep troll claws you but does no damage.
The troll rages.
The stone giant misses you. The deep troll completely misses you.
You block the deep troll's attack. x2
You completely miss the stone giant.
The stone giant is heavily wounded.
The stone giant hits you!!
You die... ### # # ### ##.# ######### #... eeeOy#§#

#####... ###########
#.##.^.. #......T..##
#....... #.....TC@..##
#.......
#..⌠..###...######.......
#....$#y#...#y#..........
#...$$####''###..........
#..)([ ##...##......).))#
#..[:_+W#.÷©##©.........#
#..?$)###...##.......#.).
...$$ ###++###....).##.#
.. .#y#..........


You could see a stone giant (berserk), a deep elf annihilator, a deep elf
elementalist (repels missiles), an ogre mage, a deep troll (berserk), 3 moths of
wrath, a deep elf pyromancer and a troll (berserk).

Vanquished Creatures
  The ghost of grizmgrazm2 the Metamorph, a journeyman DrSh of Vehumet (Lair:3)
  An ettin (D:15)
  5 hydras
  6 boulder beetles
  A vault guard (D:14)
  Erica (Lair:1)
  An ironbound frostheart (D:14)
  A catoblepas (D:15)
  2 death knights
  7 centaur warriors
  2 tengu warriors
  5 death yaks (Lair:5)
  4 two-headed ogres
  3 thrashing horrors (Lair:5)
  2 skysharks (Lair:5)
  A deep troll (D:15)
  9 skeletal warriors
  An arcanist (D:15)
  A necromancer (D:15)
  2 orc knights
  6 cyclopes
  25 elephants
  19 ugly things
  5 manticores
  A salamander (shapeshifter) (Lair:5)
  5 black mambas
  Joseph (D:7)
  2 smoke demons (Lair:5)
  15 cane toads
  3 gargoyles (D:11)
  4 kobold demonologists
  Jeremiah (D:8)
  2 unseen horrors (D:11)
  11 komodo dragons
  3 freezing wraiths
  2 efreet
  Psyche (D:8)
  3 tengu conjurers
  3 trolls
  2 raiju (Lair:5)
  2 polar bears (Lair:5)
  Prince Ribbit (D:7)
  A hornet (D:11)
  18 blink frogs
  A jumping spider (shapeshifter) (Lair:5)
  A centaur simulacrum (D:10)
  5 slime creatures
  2 culicivoras (Lair:2)
  2 shadows
  4 wyverns
  3 ynoxinuls (Lair:5)
  2 humans (D:14)
  46 yaks
  2 vampires
  10 basilisks
  3 steam dragons
  9 vampire mosquitoes
  2 redbacks (Lair:2)
  3 acid dragons
  15 water moccasins
  5 orc warriors
  2 elephant zombies (D:9)
  3 black bears
  2 ice beasts
  2 sky beasts
  3 laughing skulls
  3 ogres
  12 centaurs
  5 wolves (Lair:2)
  4 kobold brigands
  An elf zombie (D:9)
  2 gnoll sergeants (D:11)
  13 bullfrogs
  3 scorpions
  11 small abominations (Lair:5)
  4 wights
  A killer bee (D:9)
  8 howler monkeys
  A bombardier beetle (D:5)
  2 centaur zombies (D:9)
  7 orc priests
  6 jellies
  2 hounds
  An iguana (D:6)
  11 orc wizards
  4 scorpion zombies (D:9)
  A killer bee zombie (D:9)
  3 hound zombies (D:9)
  Robin (D:2)
  14 gnolls
  A howler monkey zombie (D:9)
  13 adders
  A river rat (Sewer)
  A white imp (D:7)
  2 ufetubi (D:6)
  An adder zombie (D:9)
  2 dart slugs
  3 ribbon worms
  28 orcs
  11 endoplasms
  3 giant cockroaches
  18 goblins
  9 hobgoblins
  5 jackals
  16 kobolds
  5 quokkas
  6 ball pythons
  2 bats
  A frilled lizard (D:2)
  9 rats
576 creatures vanquished.

Vanquished Creatures (collateral kills)
  A vampire (D:6)
  A kobold brigand (Sewer)
  A phantom (D:5)
  A bombardier beetle (D:5)
  An orc priest (D:5)
  An orc wizard (D:3)
  An adder (Sewer)
  2 orcs (D:5)
  2 goblins (D:2)
  A jackal (D:3)
  2 quokkas
14 creatures vanquished.

Vanquished Creatures (others)
  An unseen horror (D:10)
  A blink frog (Lair:5)
  A sky beast (D:7)
3 creatures vanquished.

Grand Total: 593 creatures vanquished

Notes
Turn   | Place    | Note
-------+----------+-------------------------------------------
     0 | D:1      | GreedOfGod the Demonspawn Gladiator began the quest for the
                  | Orb.
     0 | D:1      | Reached XP level 1. HP: 16/16 MP: 1/1
   148 | D:1      | Gained mutation: A weak demonic guardian rushes to your
                  | aid. [demonic ancestry]
   148 | D:1      | Reached XP level 2. HP: 20/22 MP: 2/2
   499 | D:1      | Reached skill level 1 in Armour
   653 | D:2      | Reached skill level 1 in Invocations
   653 | D:2      | Gained mutation: A demonic guardian rushes to your aid.
                  | [demonic ancestry]
   653 | D:2      | Reached XP level 3. HP: 26/27 MP: 3/3
   685 | D:2      | Reached skill level 1 in Evocations
   902 | D:2      | Noticed Robin
   932 | D:2      | Reached XP level 4. HP: 21/34 MP: 5/5
   965 | D:2      | Killed Robin
  1258 | D:2      | Found a faded altar of an unknown god.
  1365 | D:3      | Found a bloodstained altar of Trog.
  1462 | D:3      | Reached XP level 5. HP: 30/39 MP: 6/6
  1885 | D:3      | Found a blossoming altar of Fedhas.
  2102 | D:4      | Gained mutation: Spells you cast may paralyse adjacent
                  | enemies. [demonic ancestry]
  2102 | D:4      | Reached XP level 6. HP: 27/46 MP: 7/7
  2209 | D:4      | Found a one-way gate to the infinite horrors of the Abyss.
  2272 | D:4      | Found a glowing drain.
  2285 | Sewer    | Entered a sewer
  2770 | Sewer    | Reached XP level 7. HP: 36/52 MP: 9/9
  3017 | D:4      | Found a transporter.
  3025 | D:4      | Found a transporter.
  3100 | D:4      | Noticed P0WERM0DE's ghost (amateur CoCK)
  3106 | D:4      | Noticed an ancient zyme
  3652 | D:5      | Entered Level 5 of the Dungeon
  3763 | D:5      | Reached skill level 5 in Dodging
  3763 | D:5      | Reached XP level 8. HP: 14/60 MP: 10/10
  4011 | D:5      | Identified a scroll of acquirement
  4011 | D:5      | Acquired a +1 double sword of protection
  4080 | D:5      | Found a shadowy altar of Dithmenos.
  4546 | D:6      | Gained mutation: You are clumsy. (Dex -2) [potion of
                  | mutation]
  4546 | D:6      | Gained mutation: You have sharp fingernails. [potion of
                  | mutation]
  4546 | D:6      | Gained mutation: You expend magic power (3 MP) to
                  | strengthen your wands. [potion of mutation]
  4547 | D:6      | Lost mutation: You are clumsy. (Dex -2) [potion of
                  | mutation]
  4547 | D:6      | Lost mutation: You have sharp fingernails. [potion of
                  | mutation]
  4547 | D:6      | Lost mutation: You expend magic power (3 MP) to strengthen
                  | your wands. [potion of mutation]
  4547 | D:6      | Gained mutation: You passively dampen the noise of your
                  | surroundings. [potion of mutation]
  4548 | D:6      | Lost mutation: You passively dampen the noise of your
                  | surroundings. [potion of mutation]
  4548 | D:6      | Gained mutation: You expend magic power (3 MP) to
                  | strengthen your wands. [potion of mutation]
  4840 | D:6      | Reached skill level 5 in Armour
  4844 | D:6      | Reached skill level 5 in Invocations
  5129 | D:6      | Reached XP level 9. HP: 66/66 MP: 12/12
  5487 | D:7      | Noticed Joseph
  5503 | D:7      | Killed Joseph
  5773 | D:7      | Noticed Prince Ribbit
  5773 | D:7      | Noticed a kobold demonologist
  5775 | D:7      | Noticed a kobold demonologist
  5776 | D:7      | Killed Prince Ribbit
  5777 | D:7      | Reached skill level 5 in Fighting
  5777 | D:7      | Reached skill level 5 in Long Blades
  5783 | D:7      | Killed a kobold demonologist
  5783 | D:7      | Killed a kobold demonologist
  6349 | D:7      | Found a staircase to the Ecumenical Temple.
  6404 | Temple   | Entered the Ecumenical Temple
  6419 | Temple   | Became a worshipper of Warmaster Okawaru
  6615 | D:8      | Noticed Jeremiah
  6640 | D:8      | Killed Jeremiah
  6641 | D:8      | Reached XP level 10. HP: 42/73 MP: 14/14
  6839 | D:8      | Noticed Psyche
  6843 | D:8      | Killed Psyche
  7015 | D:8      | Reached skill level 5 in Evocations
  7628 | D:9      | Reached * piety under Okawaru
  8066 | D:9      | Found a basalt altar of Yredelemnul.
  8131 | D:9      | Reached ** piety under Okawaru
  8187 | D:9      | Identified the +1 helmet of Tiofiric {Harm *Slow rC+ Str+5}
  8442 | D:9      | Found a hide-covered altar of Uskayaw.
  8443 | D:9      | Found an opulent altar of Gozag.
  8443 | D:9      | Found a basalt altar of Yredelemnul.
  8443 | D:9      | Found a hazy altar of Hepliaklqana.
  8459 | D:9      | Found a stormy altar of Qazlal.
  8459 | D:9      | Found an ornate altar of the Wu Jian Council.
  8515 | D:10     | Entered Level 10 of the Dungeon
  8545 | D:10     | Noticed a centaur warrior
  8549 | D:10     | Noticed a six-headed hydra
  8554 | D:10     | Killed a centaur warrior
  8555 | D:10     | Noticed a centaur warrior
  8571 | D:10     | Reached *** piety under Okawaru
  8921 | D:10     | Noticed a smoke demon
  8924 | D:10     | Gained mutation: You are surrounded by a mild repulsion
                  | field. (EV +2) [demonic ancestry]
  8924 | D:10     | Reached XP level 11. HP: 79/82 MP: 16/16
  9365 | D:9      | Killed a centaur warrior
  9718 | D:9      | Killed a six-headed hydra
  9718 | D:9      | Reached **** piety under Okawaru
 10157 | D:10     | Noticed a brown ugly thing
 10163 | D:10     | Killed a brown ugly thing
 10268 | D:10     | Noticed a two-headed ogre
 10305 | D:10     | Killed a two-headed ogre
 10305 | D:10     | Reached ***** piety under Okawaru
 10846 | Arena    | Entered the Arena
 10891 | D:11     | Noticed a boulder beetle
 10911 | D:11     | Killed a boulder beetle
 10912 | D:11     | Reached XP level 12. HP: 67/91 MP: 1/18
 10927 | D:11     | Noticed a death knight
 10933 | D:11     | Killed a death knight
 10981 | D:11     | Noticed a boulder beetle
 10994 | D:11     | Killed a boulder beetle
 11117 | D:11     | Identified the +7 broad axe "Qem Siqe" {flame, Str+3
                  | Stlth+}
 11183 | D:11     | Noticed a boulder beetle
 11186 | D:11     | Noticed a two-headed ogre
 11194 | D:11     | Killed a two-headed ogre
 11194 | D:11     | Received a gift from Okawaru
 11203 | D:11     | Killed a boulder beetle
 11375 | D:11     | Noticed a tengu warrior
 11401 | D:11     | Killed a tengu warrior
 11402 | D:11     | Reached skill level 10 in Dodging
 11516 | D:11     | Found a staircase to the Orcish Mines.
 11861 | D:11     | Noticed a centaur warrior
 11872 | D:11     | Killed a centaur warrior
 11975 | Arena    | Entered the Arena
 12342 | D:11     | Found a staircase to the Lair.
 12469 | D:11     | Received a gift from Okawaru
 12470 | D:11     | Reached skill level 10 in Armour
 12797 | D:11     | Found a portal to a secret trove of treasure.
 13098 | D:12     | Reached skill level 10 in Invocations
 13986 | D:13     | Gained mutation: You have large cloven feet. [demonic
                  | ancestry]
 13986 | D:13     | Reached XP level 13. HP: 47/98 MP: 16/20
 14216 | D:13     | Received a gift from Okawaru
 14488 | D:13     | Found a runed translucent gate.
 14488 | D:13     | Found a runed translucent gate.
 14488 | D:13     | Noticed glosham's ghost (journeyman CoGl)
 14489 | D:13     | Found a runed translucent gate.
 14622 | Arena    | Entered the Arena
 15531 | D:14     | Found a gate to the Vaults.
 15658 | D:14     | Received a gift from Okawaru
 15703 | D:14     | Found Yruppun's Antique Armour Shop.
 15740 | D:14     | Found a gate leading to a gauntlet.
 15779 | D:14     | Noticed Roxanne
 15786 | Arena    | Entered the Arena
 15835 | D:14     | HP: 4/100 [skeletal warrior/+0 glaive[a death knight] (10)]
 16651 | D:14     | Found a radiant altar of Vehumet.
 17084 | D:14     | Identified the blade talisman "Waotrur" {rN++}
 17437 | D:14     | Bought a pair of glowing gloves for 217 gold pieces
 17535 | D:15     | Entered Level 15 of the Dungeon
 17688 | D:15     | Gained mutation: You have hoof-like feet. [demonic
                  | ancestry]
 17688 | D:15     | Reached XP level 14. HP: 108/108 MP: 18/22
 17755 | D:15     | HP: 1/108 [ettin/+0 dire flail (6)]
 18686 | D:15     | Found a staircase to the Depths.
 19193 | Lair:1   | Entered Level 1 of the Lair of Beasts
 19541 | Lair:1   | Identified the +0 scale mail of Dice, Bag, and Bottle
                  | {-Cast *Corrode rC+++ Dex+3}
 19992 | Lair:1   | Noticed Erica
 20003 | Lair:1   | Killed Erica
 20003 | Lair:1   | Received a gift from Okawaru
 20715 | Lair:2   | Found a hole to the Spider Nest.
 21418 | Lair:3   | Reached skill level 10 in Fighting
 21620 | Lair:3   | Received a gift from Okawaru
 21761 | Lair:3   | Found a runed translucent gate.
 21761 | Lair:3   | Found a runed translucent gate.
 21761 | Lair:3   | Found a runed translucent gate.
 21761 | Lair:3   | Noticed grizmgrazm2's ghost (journeyman DrSh)
 21932 | Lair:3   | Found a staircase to the Shoals.
 22353 | Lair:3   | Killed grizmgrazm2's ghost
 22946 | Lair:4   | Gained mutation: You are surrounded by a moderate repulsion
                  | field. (EV +3) [demonic ancestry]
 22946 | Lair:4   | Reached XP level 15. HP: 115/115 MP: 24/24
 23207 | Lair:5   | Entered Level 5 of the Lair of Beasts
 23245 | Lair:5   | Received a gift from Okawaru
 23328 | Lair:5   | Found a staircase to the Slime Pits.
 24336 | Lair:5   | Reached skill level 10 in Evocations
 24490 | Lair:5   | Reached skill level 10 in Long Blades
 24950 | Lair:5   | Found a corrupted altar of Lugonu.
 24962 | Lair:5   | Identified the +7 chain mail of the Cooper {rCorr}
 25180 | Orc:1    | Entered Level 1 of the Orcish Mines
 25231 | Orc:1    | Found a transporter.
 25455 | Orc:1    | Found a transporter.
 25455 | Orc:1    | Found a runed translucent door.
 25455 | Orc:1    | Found a bloodstained altar of Trog.
 25455 | Orc:1    | Found the necklace of Bloodlust {Fury *Rage Will++ Int-3
                  | Slay+6}
 25493 | Orc:1    | Mangled by a stone giant

Illustrated notes

Levels and vault maps discovered:
D:1:      tarquinn_simple_flora_water_a, layout_loops_ring, minmay_pentomino_p2
D:2:      layout_rooms, ebering_ecumenical_altar_hall, wad_orctagon, uniq_robin
D:3:      layout_rooms, mainiacjoe_overflow_alcove_4,
          nicolae_overflow_crystal_walls
D:4:      layout_gridville, gammafunk_ghost_abyssal_escape,
          portal_sewer_entry_d, nicolae_eternal_life
D:5:      layout_rooms, nicolae_dithmenos_the_darkroom,
          serial_library_hellmonk_long_bookcase
D:6:      layout_loops_ring
D:7:      layout_basic, minmay_temple_entry_statues_pillars, uniq_joseph,
          uniq_prince_ribbit1
D:8:      layout_layer_cave, uniq_jeremiah, uniq_psyche
D:9:      layout_rooms, minmay_overflow_temple_hex, roadster_capsule_ark_zombie
D:10:     hangedman_cross_cluster, layout_cave_pools
D:11:     minmay_the_grid_four_pointed_star_mashed
          [minmay_the_grid_triangle_9x9_from_above,
          minmay_the_grid_triangle_9x9_skeleton,
          minmay_the_grid_triangle_9x9_longest,
          minmay_the_grid_triangle_9x9_empty,
          minmay_the_grid_prize_four_corners], layout_irregular_city,
          david_lair_generic, orc_0_dummy, enter_trove_3
D:12:     layout_stronghold
D:13:     layout_roguey, ebering_ghost_rock_garden
D:14:     layout_long_grid, hellmonk_vaults_keyhole, serial_shops, shop,
          solitary_fountain, gauntlet_entry_generic, vehumet_crystals,
          uniq_roxanne
D:15:     hangedman_depths_entry_civil_slaughter, layout_loops_ring,
          minmay_misc_feat_rugged
Temple:   nicolae_temple_god_jail
Lair:1:   layout_regular_city, grunt_megastairs_4, uniq_erica
Lair:2:   layout_misc_corridors, spider_nest_entry_funnel_web,
          infiniplex_staircase_pool, lemuel_fruit_fields
Lair:3:   layout_small_grid, mainiacjoe_shoals_entry_four_pools,
          ebering_ghost_rock_garden
Lair:4:   layout_roguey
Lair:5:   hellmonk_lair_end_abyssal_woods, layout_loops_ring,
          nicolae_slime_entry_slimehenge, lemuel_old_faithful
Orc:1:    emtedronai_trogs_sanctum, layout_caves

Skill      XL: |  1  2  3  4  5  6  7  8  9 10 11 12 13 14 15 |
---------------+----------------------------------------------+-----
Dodging        | 3 4 5 7 8 9 10 11 12 13 | 13.5
Armour         | 1 2 3 4 5 6 7 9 10 11 12 13 | 13.2
Invocations    | 1 2 3 5 6 7 9 10 11 12 13 | 13.0
Evocations     | 1 2 3 4 5 6 7 8 9 10 | 10.1
Long Blades    | 3 4 5 6 7 8 9 10 | 10.1
Fighting       | 3 4 5 6 7 8 9 10 | 10.6
Throwing       | |  1.7

Action                     |  1- 3 |  4- 6 |  7- 9 | 10-12 | 13-15 || total
---------------------------+-------+-------+-------+-------+-------++-------
  Melee: Long sword        |   145 |   358 |    55 |       |       ||   558
         Double sword      |       |       |   155 |   677 |  1593 ||  2425
         Scimitar          |       |       |       |       |    19 ||    19
  Throw: Javelin           |       |     1 |       |       |       ||     1
 Invoke: Heroism           |       |       |       |     4 |    12 ||    16
         Duel              |       |       |       |     2 |     2 ||     4
         Finesse           |       |       |       |       |     8 ||     8
  Evoke: Wand              |       |       |     7 |    61 |    30 ||    98
    Use: Potion            |     2 |     1 |     6 |     6 |     7 ||    22
         Scroll            |       |       |    15 |    14 |    12 ||    41
   Stab: Distracted        |       |     1 |     1 |     1 |     1 ||     4
         Sleeping          |       |       |     1 |     5 |     6 ||    12
         Invisible         |       |       |       |       |     3 ||     3
         Petrified         |       |       |       |       |     3 ||     3
 Armour: Leather armour    |    29 |       |       |       |       ||    29
         Ring mail         |    96 |   294 |   159 |       |       ||   549
         Steam dragon scal |       |       |    13 |   574 |   657 ||  1244
  Dodge: Dodged            |   125 |   230 |   159 |   880 |  2199 ||  3593
         Repelled          |       |       |    14 |    26 |       ||    40
  Block: Buckler           |       |       |    47 |   314 |   838 ||  1199

Table legend: (Time is in decaauts)
 A = Elapsed time spent in this place.
 B = Non-inter-level travel time spent in this place.
 C = Inter-level travel time spent in this place.
 D = Time resting spent in this place.
 E = Time spent auto-exploring this place.
 F = Levels seen in this place.
 G = Mean time per level.
                   A        B        C        D        E       F      G
               +--------+--------+--------+--------+--------+-----+--------+
         Total |  25814 |  24321 |   1493 |   3580 |  14782 |  27 |  956.1 |
       Dungeon |  18731 |  17562 |   1169 |   3396 |  10222 |  15 | 1248.7 |
        Temple |     28 |      2 |     26 |      0 |      0 |   1 |   28.0 |
          Lair |   5942 |   5678 |    264 |    122 |   3980 |   5 | 1188.4 |
  Orcish Mines |    307 |    274 |     33 |      0 |    191 |   1 |  307.0 |
         Sewer |    706 |    706 |      0 |      0 |    389 |   1 |  706.0 |
         Arena |     98 |     98 |      0 |     62 |      0 |   4 |   24.5 |
               +--------+--------+--------+--------+--------+-----+--------+

Top non-repeatable levels by time:
    D:14: 2273 daAuts
    D:11: 2170 daAuts
     D:9: 2104 daAuts
    D:13: 1835 daAuts
  Lair:5: 1815 daAuts
  Lair:3: 1388 daAuts
  Lair:1: 1228 daAuts
     D:6: 1217 daAuts
    D:10: 1175 daAuts
     D:7: 1119 daAuts
    D:15: 1086 daAuts
     D:4: 1014 daAuts
     D:8: 1008 daAuts
    D:12: 942 daAuts
  Lair:4: 869 daAuts
